 Dungeon Crawl Stone Soup version 0.24.0-123-gd5b16e6ec5 (webtiles) character file.

Game seed: 2670211022324053400, levelgen mode: deterministic

158 Peloso the Covered (level 5, 47/47 HPs)
             Began as a Minotaur Fighter on Dec 24, 2019.
             Got out of the dungeon alive.
             The game lasted 00:06:37 (2175 turns).

Peloso the Covered (Minotaur Fighter)               Turns: 2175, Time: 00:06:37

Health: 47/47      AC: 10    Str: 20 (21) XL:     5   Next: 16%
Magic:  4/4        EV: 10    Int:  4 (5)  God:
Gold:   140        SH:  9    Dex:  8 (10) Spells: 4/4 levels left

rFire    . . .     SeeInvis .   a - +0 long sword
rCold    . . .     Gourm    .   c - +0 shield
rNeg     . . .     Faith    .   b - +0 scale mail
rPois    .         Spirit   .   (helmet restricted)
rElec    .         Reflect  .   (no cloak)
rCorr    .         Harm     .   k - +0 pair of gloves
MR       .....                  (no boots)
Stlth    ..........             (no amulet)
HPRegen  0.15/turn              (no ring)
MPRegen  0.09/turn              (no ring)

@: starving
A: retaliatory headbutt, horns 2, repulsion field 1, yellow scales 1, blink,
blurry vision 1
a: Blink


You escaped.
You were starving.

You visited 1 branch of the dungeon, and saw 3 of its levels.

You collected 140 gold pieces.

Inventory:

Hand Weapons
 a - a +0 long sword (weapon)
Armour
 b - a +0 scale mail (worn)
 c - a +0 shield (worn)
 k - a +0 pair of gloves (worn)
Scrolls
 e - a scroll of identify {unknown}
 g - 2 scrolls of noise {unknown}
 i - 2 scrolls of amnesia {unknown}
 j - 3 scrolls of teleportation {unknown}
 m - 2 scrolls of remove curse {unknown}
 n - a scroll of random uselessness {unknown}
 o - a scroll of blinking {unknown}
 r - a scroll of enchant weapon {unknown}
Potions
 d - a potion of might
 p - a potion of magic {unknown}
 q - a potion of heal wounds {unknown}
Comestibles
 f - 5 rations


   Skills:
 + Level 4.3 Fighting
 + Level 4.2 Long Blades
 + Level 4.6 Armour
 + Level 1.3 Dodging
 + Level 4.5 Shields


You had 4 spell levels left.
You didn't know any spells.
Your spell library contained the following spells:

 Spells                   Type           Power        Failure   Level  Hunger
 Animate Skeleton         Necr           N/A          99%         1    ##.....
 Apportation              Tloc           #.....       99%         1    ##.....
 Confusing Touch          Hex            #.....       99%         1    ##.....
 Summon Small Mammal      Summ           #...         99%         1    ##.....


Dungeon Overview and Level Annotations

Branches:
Dungeon (3/15)

Altars:


Innate Abilities, Weirdness & Mutations

You reflexively headbutt those who attack you in melee.
You have a pair of horns on your head.
You are surrounded by a mild repulsion field. (EV +2)
You are partially covered in yellow scales. (AC +2)
You can translocate small distances at will.
Scrolls take you a little longer to read.


Message History

Yellow scales grow over part of your body.
You begin to radiate repulsive energy.
(D) Dungeon
Where to? (Enter - D:3 @ (x,y), ? - help)
What level of the Dungeon? (default 1, ? - help)
There is a stone staircase leading up here.
You climb upwards.
There is a stone staircase leading down here.
There is a stone staircase leading up here.
You see here a +0 club.
You climb upwards.
There is a stone staircase leading down here.
Number of times to repeat, then command key: You must enter the number of times for the command to repeat.
There is an open door here.
There is an open door here.
There is an open door here.
There is a staircase leading out of the dungeon here.
Are you sure you want to leave the Dungeon?
This will make you lose the game!
You have escaped!

#(##....########.########.....#
..##...## ###.......### ##....#
..##..## ##...........## ##...#
.(##..# ##....#####....## #...#
..(...# #...#########...# #...#
..#..####..##.......##..####..#
..##.# #...#..##'##..#...# #..#
..##.# #..##.##...##.##..# #..#
..##.# #..##.##.@.##.##..# #..#
..##.# #..##.##...##.##..# #.##
.....# #...#..#####..#...# #.#
#....####..##.......##..####.#
...#[.# #...####.####...# #..#
((.#..# ##....##'##....## #..#
#รท##..## ##...........## ##).#
...#...## ###.......### ##...#
#.##....#################(...#


There were no monsters in sight!

Vanquished Creatures
  An orc wizard (D:3)
  Robin (D:2)
  2 adders (D:2)
  2 oozes (D:2)
  A worm (D:2)
  3 dart slugs
  2 leopard geckos
  2 orcs (D:3)
  2 ball pythons
  5 giant cockroaches
  8 hobgoblins
  7 jackals
  2 quokkas (D:2)
  7 bats
  2 frilled lizards
  13 goblins
  8 kobolds
  6 rats
74 creatures vanquished.

Notes
Turn   | Place    | Note
-------+----------+-------------------------------------------
     0 | D:1      | Peloso the Minotaur Fighter began the quest for the Orb.
     0 | D:1      | Reached XP level 1. HP: 19/19 MP: 0/0
    61 | D:1      | Reached XP level 2. HP: 22/27 MP: 1/1
   223 | D:1      | Reached XP level 3. HP: 22/33 MP: 2/2
   650 | D:2      | Reached XP level 4. HP: 39/40 MP: 3/3
   670 | D:2      | Noticed Robin
   676 | D:2      | Killed Robin
   930 | D:2      | Reached skill level 1 in Dodging
  1381 | D:3      | Found a faded altar of an unknown god.
  1496 | D:3      | Reached XP level 5. HP: 39/47 MP: 4/4
  2087 | D:3      | Gained mutation: Scrolls take you a little longer to read.
                  | [potion of mutation]
  2087 | D:3      | Gained mutation: You can translocate small distances at
                  | will. [potion of mutation]
  2087 | D:3      | Gained mutation: You are partially covered in yellow
                  | scales. (AC +2) [potion of mutation]
  2087 | D:3      | Gained mutation: You are surrounded by a mild repulsion
                  | field. (EV +2) [potion of mutation]
  2175 | D:$      | Got out of the dungeon alive.

Levels and vault maps discovered:
D:1:      dpeg_arrival_concentric_ovals, layout_basic, serial_curves,
          eino_curves_01, eino_curves_01, minmay_close_crescents
D:2:      layout_basic, uniq_robin
D:3:      layout_basic, chequers_ecumenical_altar_simple, serial_glass,
          glass_columns_a, glass_columns_b

Skill      XL: |  1  2  3  4 |
---------------+-------------+-----
Fighting       | 4 |  4.3
Shields        | 4 |  4.5
Long Blades    | 3 4 |  4.2
Armour         | 4 |  4.6
Dodging        | 1 |  1.3

Action                   |  1- 3 |  4- 6 || total
-------------------------+-------+-------++-------
Melee: Long sword        |    82 |    74 ||   156
       Headbutt          |    20 |    13 ||    33
  Use: Potion            |       |     2 ||     2
  Eat: Chunk             |       |     2 ||     2
Armor: Scale mail        |    50 |    32 ||    82
Dodge: Dodged            |    34 |    24 ||    58
Block: Shield            |    58 |    31 ||    89
       Rpst.: Long sword |    10 |     6 ||    16
